 Dungeon Crawl Stone Soup version 0.19-a0-739-gf2af308 (webtiles) character file.

3862 Ordine the Transmogrifier (level 10, 0/75 HPs)
             Began as an Octopode Transmuter on June 23, 2016.
             Was a Priest of Cheibriados.
             Killed by vampiric draining
             ... invoked by a vampire
              (10 damage)
             ... on level 9 of the Dungeon.
             The game lasted 00:34:10 (10709 turns).

Ordine the Transmogrifier (Octopode Transmuter)    Turns: 10709, Time: 00:34:11

Health: 0/75       AC:  9    Str: 17      XL:     10   Next: 18%
Magic:  11/13      EV: 16    Int: 23 (25) God:    Cheibriados [***...]
Gold:   355        SH:  0    Dex: 20      Spells: 2 memorised, 6 levels left

rFire  x . .     SeeInvis .       - Unarmed
rCold  + + +     Gourm    +     (shield currently unavailable)
rNeg   . . .     Faith    .     (helmet currently unavailable)
rPois  +         Spirit   .     w - amulet of the gourmand
rElec  .         Dismiss  .     a - +2 ring of protection
rCorr  .         Reflect  .     c - ring of protection from cold
SustAt .         Harm     .     (no ring)
MR     .....                    (no ring)
Stlth  +.........               (no ring)
                                (no ring)
                                (no ring)
                                (no ring)

@: confused, ice-form, very slow, not resistant to hostile enchantments, very
unstealthy
A: almost no armour, amphibious, 8 rings, (constrict 8), (tentacle spike 0),
(camouflage 0), blurry vision 1, deterioration 1, robust 1, slow regeneration 1,
(gelatinous body 0)
a: End Transformation, Bend Time, Temporal Distortion, Renounce Religion


You were on level 9 of the Dungeon.
You worshipped Cheibriados.
Cheibriados was most pleased with you.
You were completely stuffed.
You were a creature of crystalline ice.
You visited 2 branches of the dungeon, and saw 10 of its levels.

You collected 524 gold pieces.
You spent 169 gold pieces at shops.

Inventory:

Armour
 s - a +1 buckler
 A - a +2 hat (melded)
Magical Staves
 d - an uncursed staff of energy (melded)
 g - an uncursed staff of conjuration
Jewellery
 a - a +2 ring of protection (left front paw)
 c - a ring of protection from cold (right front paw)
 w - an amulet of the gourmand (around neck)
Wands
 B - a wand of digging (14/24)
Scrolls
 e - 4 scrolls of remove curse
 j - 4 scrolls of amnesia
 k - a scroll of fog
 p - 2 scrolls of teleportation
 q - 2 scrolls of fear
 t - 3 scrolls of blinking
 v - 4 scrolls of enchant armour
 y - a scroll of magic mapping
Potions
 l - 3 potions of brilliance
 m - 3 potions of flight
 n - 2 potions of lignification
 r - a potion of invisibility {unknown}
 z - a potion of might
Books
 b - a book of Changes

   Spells                             Type                      Level
   a - Beastly Appendage              Transmutation                1
   b - Sticks to Snakes               Transmutation                2
   c - Spider Form                    Transmutation/Poison         3
   d - Ice Form                       Ice/Transmutation            4
   e - Blade Hands                    Transmutation                5
 o - a book of Enchantments

   Spells                             Type                      Level
   a - Cause Fear                     Hexes                        4
   b - Yara's Violent Unravelling     Hexes/Transmutation          5
   c - Silence                        Hexes/Air                    5
   d - Deflect Missiles               Charms/Air                   6
   e - Haste                          Charms                       6
   f - Discord                        Hexes                        8
Comestibles
 h - a royal jelly
 i - a slice of pizza
 u - 7 meat rations
 x - 2 bread rations
 C - 10 fruits
 D - a beef jerky


   Skills:
 - Level 1.0 Fighting
 + Level 8.2 Dodging
 - Level 4.0 Stealth
 - Level 3.0 Unarmed Combat
 - Level 2.0 Spellcasting
 - Level 10.0 Transmutations
 - Level 6.0 Ice Magic


You had 6 spell levels left.
You knew the following spells:

 Your Spells              Type           Power        Failure   Level  Hunger
a - Spider Form           Tmut/Pois      ####......   6%          3    ###....
b - Ice Form              Ice/Tmut       #####...     6%          4    #####..


Dungeon Overview and Level Annotations

Branches:
Dungeon (9/15)             Temple (1/1) D:6            Lair (0/6) D:9
    Orc: D:9-12

Altars:
Ashenzari
Cheibriados
Dithmenos
Elyvilon
Fedhas
Gozag
Hepliaklqana
Kikubaaqudgha
Makhleb
Nemelex Xobeh
Okawaru
Pakellas
Qazlal
Ru
Sif Muna
Trog
Uskayaw
Vehumet
Xom
Yredelemnul
Zin
The Shining One

Shops:
D:4 [*   D:8 }


Innate Abilities, Weirdness & Mutations

You cannot wear most types of armour.
You are amphibious.
You can wear up to eight rings at the same time.
((You can use your tentacles to constrict eight enemies at once.))
((Your skin changes colour to match your surroundings (Stealth+).))
((Your rubbery body absorbs attacks. (AC +1)))
((One of your tentacles bears a nasty spike.))
Scrolls take you a little longer to read.
Your body sometimes deteriorates upon taking damage.
You are robust. (+10% HP)
You regenerate slowly when monsters are visible.


Message History

The vampire bites you.
* * * LOW HITPOINT WARNING * * *
You feel better. The vampire casts a spell at you.
You are confused.
You punch the vampire! You freeze the vampire.
The vampire is severely damaged.
The vampire hits you!
* * * LOW HITPOINT WARNING * * *
The vampire barely misses you.
You feel better. The vampire barely misses you. The vampire bites you.
* * * LOW HITPOINT WARNING * * *
You hit the vampire but do no damage.
The vampire is severely damaged.
The vampire points at you and mumbles some strange words.
You are confused.
You hit the vampire.
The vampire is severely damaged.
The vampire is infused with unholy energy.
You die...

...........
...........
...........
...........
...........########
...........#......#..
###........#......#.#
#........#../...#.#
#...>..#+#...VY.#.#
#......+........#.##
###......+........#.(#
.........#........#..#
.........#........'..#
.........#........#..#
........[##########..#
.....................#
##...................#


You could see a vampire.

Vanquished Creatures
  The ghost of runewalsh the Martial Artist, a journeyman OpTm of Gozag (D:9)
  The ghost of Aksej the Grave Robber, a novice DsNe of Hepliaklqana (D:8)
  2 trolls (D:9)
  Grinder (D:5)
  A wyvern (D:7)
  A hungry ghost (D:7)
  Duvessa (D:5)
  An orc warrior (D:8)
  An ice beast (D:7)
  3 phantoms
  A centaur (D:7)
  4 giant frogs
  Dowan (D:5)
  A howler monkey (D:6)
  3 crimson imps
  5 hounds
  2 jellies
  A quasit (D:8)
  2 orc priests
  A giant frog skeleton (D:6)
  Ijyb (D:3)
  A centaur skeleton (D:4)
  2 iguanas
  4 orc wizards
  5 worker ants
  3 hound skeletons
  2 worker ant zombies
  7 adders
  A gnoll (D:2)
  A shadow imp (D:5)
  An ooze (D:3)
  2 adder zombies
  3 adder skeletons
  7 worms
  4 dart slugs
  2 giant geckos
  28 orcs
  3 bats
  9 giant cockroaches
  10 goblins
  11 hobgoblins
  4 jackals
  9 kobolds
  A quokka (D:2)
  2 ball pythons
  A ball python skeleton (D:4)
  8 giant newts
  15 rats
  A bush (D:3)
  A plant (D:3)
183 creatures vanquished.

Vanquished Creatures (others)
  A hydra (D:3)
  A dart slug (D:1)
  A giant cockroach (D:3)
  3 plants (D:9)
6 creatures vanquished.

Grand Total: 189 creatures vanquished

Notes
Turn   | Place    | Note
--------------------------------------------------------------
     0 | D:1      | Ordine the Octopode Transmuter began the quest for the Orb.
     0 | D:1      | Reached XP level 1. HP: 13/13 MP: 3/3
    87 | D:1      | Reached skill level 1 in Stealth
    88 | D:1      | Reached XP level 2. HP: 18/18 MP: 5/5
   529 | D:1      | Reached XP level 3. HP: 22/23 MP: 6/6
   534 | D:1      | Learned a level 3 spell: Spider Form
  1344 | D:2      | HP: 1/23 [worm (10)]
  1467 | D:2      | Reached skill level 3 in Transmutations
  1690 | D:2      | Reached XP level 4. HP: 28/28 MP: 7/7
  1697 | D:2      | Learned a level 4 spell: Ice Form
  2364 | D:3      | Noticed Ijyb
  2378 | D:3      | Killed Ijyb
  2471 | D:3      | Reached XP level 5. HP: 28/33 MP: 8/8
  2490 | D:3      | Reached skill level 4 in Transmutations
  2662 | D:3      | Reached skill level 1 in Ice Magic
  2707 | D:3      | Found a blossoming altar of Fedhas.
  3089 | D:3      | Gained mutation: One of your tentacles bears a spike. [potion of beneficial mutation]
  3135 | D:3      | Found an oddly glowing altar of Pakellas.
  3136 | D:3      | Noticed a seven-headed hydra
  3142 | D:3      | Killed a seven-headed hydra
  3786 | D:4      | Found Fabre's Assorted Antiques.
  3793 | D:4      | Bought a scroll labeled ICOUHI SUHA for 22 gold pieces
  3793 | D:4      | Bought 3 bubbling puce potions for 59 gold pieces
  3794 | D:4      | Bought a scroll labeled BESMOY SEGU for 22 gold pieces
  3795 | D:4      | Bought a potion of curing for 66 gold pieces
  3835 | D:4      | Found Tetyhowi's Antique Armour Emporium.
  4273 | D:4      | Found a white marble altar of Elyvilon.
  4310 | D:4      | Reached XP level 6. HP: 33/38 MP: 9/9
  4371 | D:4      | Found a burning altar of Makhleb.
  4392 | D:4      | Reached skill level 5 in Transmutations
  4400 | D:4      | Found a snail-covered altar of Cheibriados.
  4429 | D:4      | Became a worshipper of Cheibriados the Contemplative
  4481 | D:4      | Found a hazy altar of Hepliaklqana.
  4530 | D:4      | Found a shadowy altar of Dithmenos.
  4532 | D:4      | Noticed a phantom
  4566 | D:4      | Killed a phantom
  5226 | D:4      | Reached XP level 7. HP: 23/43 MP: 2/10
  5398 | D:5      | Entered Level 5 of the Dungeon
  5410 | D:5      | Found a hazy altar of Hepliaklqana.
  5591 | D:5      | Reached skill level 6 in Transmutations
  5867 | D:5      | Found a burning altar of Makhleb.
  5971 | D:5      | Noticed Dowan
  5973 | D:5      | Noticed Duvessa
  5976 | D:5      | Noticed Grinder
  5984 | D:5      | Gained mutation: One of your tentacles bears a nasty spike. [potion of mutation]
  5984 | D:5      | Gained mutation: You are robust. (+10% HP) [potion of mutation]
  5984 | D:5      | Gained mutation: You regenerate slowly when monsters are visible. [potion of mutation]
  5990 | D:5      | Killed Duvessa
  5990 | D:5      | Reached * piety under Cheibriados
  6012 | D:5      | Killed Dowan
  6016 | D:5      | Paralysed by Grinder for 5 turns
  6027 | D:5      | Killed Grinder
  6027 | D:5      | Reached skill level 7 in Transmutations
  6027 | D:5      | Reached XP level 8. HP: 5/52 MP: 7/11
  6325 | D:5      | Gained mutation: Your body sometimes deteriorates upon taking damage. [potion of mutation]
  6325 | D:5      | Gained mutation: Scrolls take you a little longer to read. [potion of mutation]
  6987 | D:6      | Found a staircase to the Ecumenical Temple.
  6991 | D:6      | Reached skill level 8 in Transmutations
  6994 | Temple   | Entered the Ecumenical Temple
  7321 | D:7      | Reached ** piety under Cheibriados
  7321 | D:7      | Reached skill level 5 in Ice Magic
  7387 | D:7      | Reached skill level 9 in Transmutations
  7443 | D:7      | Noticed a wyvern
  7475 | D:7      | Killed a wyvern
  7475 | D:7      | Reached XP level 9. HP: 45/58 MP: 3/12
  8000 | D:7      | Found an opulent altar of Gozag.
  8267 | D:8      | Reached skill level 10 in Transmutations
  8820 | D:8      | Noticed Aksej's ghost (novice DsNe)
  8846 | D:8      | Killed Aksej's ghost
  9285 | D:8      | Found Jyph's Gadget Shop.
  9415 | D:8      | Reached *** piety under Cheibriados
  9426 | D:8      | Reached skill level 5 in Dodging
  9801 | D:9      | Noticed runewalsh's ghost (journeyman OpTm)
  9809 | D:9      | Killed runewalsh's ghost
  9809 | D:9      | Reached XP level 10. HP: 34/63 MP: 8/13
 10376 | D:9      | Found a staircase to the Lair.
 10709 | D:9      | Killed from afar by a vampire

Vault maps used:
D:1:      shiori_arrival_elements
D:2:      minmay_diamond_boxcup
D:3:      lemuel_round_altar, serial_forest, infiniplex_forest_clump_long,
          infiniplex_forest_clump_medium, infiniplex_forest_clump_small,
          infiniplex_forest_straight_3, infiniplex_forest_split,
          gammafunk_pakellas_spire_experiment, uniq_iyjb
D:4:      nicolae_overflow_quartered_altars, serial_shops, nicolae_shop_stone,
          nicolae_shop_stone, nicolae_dithmenos_through_a_glass_darkly
D:5:      basic_altar, first_bread, makhleb_heckhound_becter, uniq_duvessa,
          uniq_grinder
D:7:      grunt_gozag_statues
D:8:      serial_shops, nicolae_shop_crystal
D:9:      lair_0_dummy, hangedman_ranch, uniq_pikel
Temple:   nicolae_temple_x_marks_the_god

Skill      XL: |  1  2  3  4  5  6  7  8  9 10 |
---------------+-------------------------------+-----
Stealth        | 1 3 4 |  4.0
Transmutations | 3 4 5 7 9 10 | 10.0
Ice Magic      | 2 3 4 5 6 |  6.0
Dodging        | 7 8 |  8.2
Fighting       | |  1.0
Unarmed Combat | |  3.0
Spellcasting   | |  2.0

Action                   |  1- 3 |  4- 6 |  7- 9 | 10-12 || total
-------------------------+-------+-------+-------+-------++-------
Melee: Unarmed           |    86 |   337 |   289 |    43 ||   755
       Constrict         |    21 |    28 |     9 |       ||    58
       Tentacles         |    10 |    76 |     6 |       ||    92
       Punch             |     1 |     9 |     2 |       ||    12
       Kick              |       |    74 |    15 |       ||    89
       Staff             |       |       |     2 |       ||     2
 Cast: Spider Form       |     3 |     8 |     1 |       ||    12
       Ice Form          |       |     2 |    31 |     5 ||    38
  Use: Scroll            |     4 |     9 |     3 |     2 ||    18
       Potion            |       |     2 |    10 |     4 ||    16
 Stab: Sleeping          |    13 |    16 |     7 |     2 ||    38
  Eat: Chunk             |     3 |     7 |    24 |     1 ||    35
       Bread ration      |       |     2 |       |       ||     2
Armor: Skin              |     8 |    18 |   110 |    12 ||   148
Dodge: Dodged            |    36 |    93 |   137 |    35 ||   301
